 Dungeon Crawl Stone Soup version 0.21.1-1-g345015f (webtiles) character file.

106 troglodite the Skirmisher (level 4, -15/57 HPs)
             Began as a Demonspawn Berserker on June 11, 2018.
             Was a Follower of Trog.
             Demolished by an ogre
             ... wielding a cursed +0 giant spiked club
              (18 damage)
             ... on level 4 of the Dungeon.
             The game lasted 00:10:37 (3625 turns).

troglodite the Skirmisher (Demonspawn Berserker)    Turns: 3625, Time: 00:10:38

Health: -15/57     AC:  7    Str: 22    XL:     4   Next: 55%
Magic:  4/4        EV:  9    Int:  8    God:    Trog [*.....]
Gold:   97         SH:  8    Dex: 14    Spells: 3/3 levels left

rFire    . . .     SeeInvis .   a - +0 falchion
rCold    . . .     Gourm    .   d - +0 shield
rNeg     . . .     Faith    .   j - +0 ring mail
rPois    .         Spirit   .   (no helmet)
rElec    .         Reflect  .   (no cloak)
rCorr    .         Harm     .   i - +0 pair of gloves
MR       .....                  (no boots)
Stlth    ..........             (no amulet)
HPRegen  0.19/turn              h - +2 ring of slaying
MPRegen  0.09/turn              (no ring)

@: berserking, very quick
A: rugged brown scales 1, nightstalker 1
a: Berserk, Burn Spellbooks, Renounce Religion


You were on level 4 of the Dungeon.
You worshipped Trog.
Trog was aware of your devotion.
You were not hungry.

You visited 1 branch of the dungeon, and saw 4 of its levels.

You collected 97 gold pieces.

Inventory:

Hand Weapons
 a - a +0 falchion (weapon)
Armour
 d - a +0 shield (worn)
 i - a +0 pair of gloves (worn)
 j - a +0 ring mail (worn)
Jewellery
 h - a +2 ring of slaying (left hand)
Scrolls
 e - a scroll of identify {unknown}
 f - a scroll of enchant weapon {unknown}
 n - 3 scrolls of remove curse {unknown}
 p - a scroll of enchant armour {unknown}
Potions
 b - a potion of flight {unknown}
 g - a potion of curing
 k - a potion of heal wounds {unknown}
 m - a potion of berserk rage {unknown}
 o - a potion of magic {unknown}
Comestibles
 c - 9 rations
 l - 5 chunks of flesh


   Skills:
 * Level 3.8 Fighting
 + Level 3.3 Long Blades
 * Level 2.2 Armour
 * Level 2.3 Dodging
 * Level 0.5 Stealth
 * Level 1.2 Shields


You had 3 spell levels left.
You didn't know any spells.

Dungeon Overview and Level Annotations

Branches:
Dungeon (4/15)
 Temple: D:4-7

Altars:
Ashenzari
Okawaru
Trog
Xom


Innate Abilities, Weirdness & Mutations

You are partially covered in rugged brown scales. (AC +1, +3% HP)
You are slightly more attuned to the shadows.


Message History

The ogre hits you with a giant spiked club!!
Ouch! That really hurt!
You hit the ogre.
The ogre is lightly wounded.
The ogre hits you with a giant spiked club!
* * * LOW HITPOINT WARNING * * *
You hit the ogre.
The ogre is moderately wounded.
You block the ogre's attack.
You hit the ogre.
The ogre is moderately wounded.
A red film seems to cover your vision as you go berserk!
You feel yourself moving faster!
You feel mighty!
You feel quite a bit more hungry.
The ogre hits you with a giant spiked club!
* * * LOW HITPOINT WARNING * * *
You barely miss the ogre.
The ogre is moderately wounded.
The ogre hits you with a giant spiked club!!
You die...

#.# #.# ###
### #.# #..
... #.# #.#
### #.# #.#
#O# #.# #@#
#.#
#.###.####
###
#.##.....#
#..
#......#.#
#.#
####.....###
###.#
##......#
#....
###.##.#
#.#.# #.##.#
#.#.#
##.##.###.#.#


You could see an ogre.

Vanquished Creatures
  Jessica (D:3)
  3 adders (D:2)
  A worm (D:2)
  A leopard gecko (D:3)
  4 bats
  5 giant cockroaches
  8 goblins
  5 hobgoblins
  4 jackals (D:4)
  A quokka (D:2)
  2 ball pythons
  4 frilled lizards
  5 kobolds
  4 rats
48 creatures vanquished.

Notes
Turn   | Place    | Note
-------+----------+-------------------------------------------
     0 | D:1      | troglodite the Demonspawn Berserker began the quest for the Orb.
     0 | D:1      | Reached XP level 1. HP: 18/18 MP: 1/1
   751 | D:2      | Gained mutation: You are partially covered in rugged brown scales. (AC +1, +3% HP) [demonic ancestry]
   751 | D:2      | Reached XP level 2. HP: 15/24 MP: 2/2
  1249 | D:2      | Gained mutation: You are slightly more attuned to the shadows. [demonic ancestry]
  1249 | D:2      | Reached XP level 3. HP: 29/29 MP: 3/3
  1989 | D:2      | Found a shimmering altar of Xom.
  2353 | D:2      | You fall through a shaft!
  2516 | D:3      | Found a shattered altar of Ashenzari.
  2561 | D:3      | Noticed Jessica
  2567 | D:3      | Killed Jessica
  2567 | D:3      | Reached skill level 1 in Shields
  2567 | D:3      | Reached XP level 4. HP: 38/38 MP: 4/4
  2879 | D:3      | Found an iron altar of Okawaru.
  2894 | D:3      | Found a faded altar of an unknown god.
  3556 | D:4      | Found a bloodstained altar of Trog.
  3615 | D:4      | Noticed an ogre
  3625 | D:4      | Demolished by an ogre

Skill      XL: |  1  2  3 |
---------------+----------+-----
Long Blades    | 3 |  3.3
Dodging        | 2 |  2.3
Armour         | 2 |  2.2
Shields        | 1 |  1.2
Fighting       | |  3.8
Stealth        | |  0.5

Action                   |  1- 3 |  4- 6 || total
-------------------------+-------+-------++-------
Melee: Falchion          |   124 |    37 ||   161
Invok: Berserk           |     4 |     1 ||     5
 Stab: Sleeping          |     1 |     2 ||     3
  Eat: Chunk             |     8 |     5 ||    13
Armor: Animal skin       |    20 |       ||    20
       Ring mail         |    15 |    15 ||    30
Dodge: Dodged            |    48 |    12 ||    60
Block: Shield            |    55 |    16 ||    71
       Rpst.: Falchion   |    15 |     4 ||    19
